 Dungeon Crawl Stone Soup version 0.25.1-2-g60ff931df9 (webtiles) character file.

Game seed: 10402364313449852591

420 Exodus22XD the Poker (level 6, -2/46 HPs)
             Began as a Demonspawn Gladiator on Oct 31, 2020.
             Killed by divine providence
             ... invoked by an orc priest
              (15 damage)
             ... on level 4 of the Dungeon.
             The game lasted 00:03:34 (4627 turns).

Exodus22XD the Poker (Demonspawn Gladiator)         Turns: 4627, Time: 00:03:35

Health: -2/46      AC:  9    Str: 17    XL:     6   Next: 62%
Magic:  6/6        EV: 12    Int:  9    God:
Gold:   214        SH:  0    Dex: 14    Spells: 5/5 levels left

rFire    . . .     SeeInvis .   a - +0 trident
rCold    . . .     Gourm    .   (no shield)
rNeg     . . .     Faith    .   s - +0 ring mail
rPois    .         Spirit   .   c - +0 helmet
rElec    .         Reflect  .   o - +0 cloak
rCorr    .         Harm     .   (no gloves)
MR       .....                  (no boots)
Stlth    ++........             (no amulet)
HPRegen  0.15/turn              (no ring)
MPRegen  0.10/turn              (no ring)

@: no status effects
A: icy blue scales 1, nightstalker 1, powered by pain 1
a: no special abilities


You were on level 4 of the Dungeon.
You were not hungry.

You visited 1 branch of the dungeon, and saw 4 of its levels.

You collected 214 gold pieces.

Inventory:

Hand Weapons
 a - a +0 trident (weapon)
Missiles
 d - 3 throwing nets (quivered)
Armour
 c - a +0 helmet (worn)
 o - a +0 cloak (worn)
 s - a +0 ring mail (worn)
Scrolls
 g - 3 scrolls of identify {unknown}
 h - 4 scrolls of remove curse {unknown}
 j - 2 scrolls of teleportation {unknown}
 k - 2 scrolls of blinking {unknown}
 m - 3 scrolls of fear {unknown}
 n - 2 scrolls of magic mapping {unknown}
Potions
 b - a potion of stabbing {unknown}
 e - 2 potions of lignification {unknown}
 i - a potion of invisibility {unknown}
 l - a potion of flight {unknown}
 q - a potion of degeneration {unknown}
 r - a potion of haste {unknown}
Comestibles
 f - 4 rations


   Skills:
 + Level 2.8 Fighting
 + Level 4.9 Polearms
 - Level 1.7 Throwing
 + Level 2.5 Armour
 + Level 3.5 Dodging
 + Level 2.0 Stealth


You had 5 spell levels left.
You didn't know any spells.
Your spell library contained the following spells:

 Spells                   Type           Power        Failure   Level  Hunger
 Animate Skeleton         Necr           N/A          58%         1    ##.....
 Apportation              Tloc           #.....       58%         1    ##.....
 Corona                   Hex            #......      58%         1    ##.....
 Summon Small Mammal      Summ           #...         58%         1    ##.....


Dungeon Overview and Level Annotations

Branches:
Dungeon (4/15)
 Temple: D:4-7

Altars:


Innate Abilities, Weirdness & Mutations

You are partially covered in icy blue scales. (AC +2)
You are slightly more attuned to the shadows.
You sometimes gain a little power by taking damage.


Message History

The orc wizard hits you with a cursed -1 dagger.
The orc priest begins to cast a cantrip, but forgets the words!
You barely miss the orc.
The orc priest casts a cantrip, but nothing happens.
The orc barely misses you.
You barely miss the orc wizard.
The orc wizard is severely wounded.
The orc priest calls down the wrath of Beogh upon you.
Beogh smites you!
You are too injured to fight recklessly!
You are too injured to fight recklessly!
You are too injured to fight recklessly!
The phantom blinks!
The orc wizard gestures at you while chanting.
The puff of flame hits you!
* * * LOW HITPOINT WARNING * * *
The orc hits you but does no damage.
The orc priest calls down the wrath of Beogh upon you.
Beogh smites you!
You die...

..> #.....##
#..# #.......
#...##.....#
#..>.ยง....###
..W..)......#
###.##o####.# .
#..o.## ..
#..#.o# ##.
##....@#
...###....#.#
#...##..#.##.##
###<##..........
#.......#.......
#.####..####.##.
#. #..# .# #
#..# # #..#


You could see an orc priest, an orc wizard and an orc.

Vanquished Creatures
  Sigmund (D:3)
  Natasha (twice) (D:3)
  A worker ant (D:3)
  Robin (D:2)
  4 gnolls (D:3)
  3 adders (D:2)
  An ooze (D:1)
  2 worms
  3 leopard geckos
  3 orcs
  2 ball pythons (D:1)
  10 bats
  6 giant cockroaches
  14 goblins
  12 hobgoblins
  6 jackals
  5 kobolds
  2 quokkas
  7 frilled lizards
  A jackal skeleton (D:4)
  6 rats
92 creatures vanquished.

Notes
Turn   | Place    | Note
-------+----------+-------------------------------------------
     0 | D:1      | Exodus22XD the Demonspawn Gladiator began the quest for the
                  | Orb.
     0 | D:1      | Reached XP level 1. HP: 16/16 MP: 1/1
   108 | D:1      | Reached skill level 3 in Polearms
   110 | D:1      | Gained mutation: You are slightly more attuned to the
                  | shadows. [demonic ancestry]
   110 | D:1      | Reached XP level 2. HP: 13/22 MP: 2/2
   959 | D:1      | Reached XP level 3. HP: 23/27 MP: 3/3
  1610 | D:2      | Reached skill level 1 in Stealth
  1803 | D:2      | Reached XP level 4. HP: 31/34 MP: 4/4
  2007 | D:2      | Reached skill level 1 in Armour
  2226 | D:2      | Noticed Robin
  2288 | D:2      | Killed Robin
  3165 | D:3      | Noticed Natasha
  3176 | D:3      | Killed Natasha
  3176 | D:3      | Reached skill level 4 in Polearms
  3176 | D:3      | Gained mutation: You are partially covered in icy blue
                  | scales. (AC +2) [demonic ancestry]
  3176 | D:3      | Reached XP level 5. HP: 21/39 MP: 5/5
  3870 | D:3      | Noticed Sigmund
  4042 | D:3      | Killed Sigmund
  4042 | D:3      | Gained mutation: You sometimes gain a little power by
                  | taking damage. [demonic ancestry]
  4042 | D:3      | Reached XP level 6. HP: 26/46 MP: 6/6
  4206 | D:3      | Noticed Natasha
  4213 | D:3      | Killed Natasha
  4627 | D:4      | Killed from afar by an orc priest

Illustrated notes

Levels and vault maps discovered:
D:1:      dpeg_arrival_boxorama, layout_basic, corexii_corridor_pit
D:2:      layout_basic, minmay_tetromino_i4, uniq_robin
D:3:      layout_basic, first_ration, uniq_sigmund, uniq_natasha
D:4:      layout_loops_ring, yredelemnul_forgotten_temple_becter

Skill      XL: |  1  2  3  4  5 |
---------------+----------------+-----
Polearms       | 3 4 |  4.9
Dodging        | 3 |  3.5
Stealth        | 1 2 |  2.0
Armour         | 1 2 |  2.5
Fighting       | |  2.8
Throwing       | |  1.7

Action                   |  1- 3 |  4- 6 || total
-------------------------+-------+-------++-------
Melee: Trident           |   148 |   229 ||   377
 Stab: Sleeping          |    11 |     8 ||    19
  Eat: Chunk             |     3 |     9 ||    12
Armor: Leather armour    |    36 |    31 ||    67
       Ring mail         |       |    49 ||    49
Dodge: Dodged            |    86 |   148 ||   234
